 Dungeon Crawl Stone Soup version 0.17-a0-1708-gbd78d88 (console) character file.

3868 Monkaria the Unseen (level 9, -1/36 (37) HPs)
             Began as a Felid Berserker on Aug 21, 2015.
             Was an Elder of Trog.
             Slain by Joseph
             ... wielding a +0 quarterstaff
              (11 damage)
             ... on level 10 of the Dungeon.
             The game lasted 00:11:34 (8463 turns).

Monkaria the Unseen (Felid Berserker)               Turns: 8463, Time: 00:11:34

HP:   -1/36 (37)    AC:  2    Str: 16    XL:     9   Next: 99%
MP:   10/10         EV: 19    Int:  9    God:    Trog [****..]
Gold: 221           SH:  0    Dex: 15    Spells: 0 memorised, 8 levels left
                                        Lives: 0   Deaths: 2

rFire  + . .     SeeInvis +       - Unarmed
rCold  . . .     Clarity  .     (armour unavailable)
rNeg   . . .     SustAt   .     (shield unavailable)
rPois  .         Gourm    .     (helmet unavailable)
rElec  .         Spirit   .     (cloak unavailable)
rCorr  .         Warding  .     (gloves unavailable)
rMut   .         Stasis   .     (boots unavailable)
MR     ++++.                    (no amulet)
Stlth  ++++++++..               t - ring of protection from magic
                                c - ring of protection from fire

@: exhausted, regenerating, slowed, slow, incredibly resistant to hostile
enchantments, extraordinarily stealthy
A: no armour, no weapons or thrown items, claws 1, fangs 3, see invisible,
carnivore 3, speed 1, shaggy fur 2, slow metabolism 1, sharp paws
a: Burn Spellbooks, Berserk, Trog's Hand, Brothers in Arms, Renounce Religion


You were on level 10 of the Dungeon.
You worshipped Trog.
Trog was greatly pleased with you.
You were very full.

You visited 2 branches of the dungeon, and saw 9 of its levels.

You collected 311 gold pieces.
You spent 90 gold pieces at shops.

Inventory:

Jewellery
 c - a ring of protection from fire (left paw)
 t - a ring of protection from magic (right paw)
Magical devices
 w - a wand of frost (14)
Scrolls
 e - a scroll of recharging
 h - 2 scrolls of magic mapping
 i - 2 scrolls of teleportation
 k - 3 scrolls of remove curse
 o - a scroll of enchant weapon
 q - 2 scrolls of summoning {unknown}
 r - a scroll of amnesia {unknown}
 s - a scroll of random uselessness {unknown}
 u - a scroll of brand weapon {unknown}
Potions
 b - 5 potions of curing
 d - 3 potions of haste
 f - 3 potions of heal wounds
 g - a potion of mutation
 j - 2 potions of agility
 l - 4 potions of lignification
 m - a potion of brilliance {unknown}
 n - a potion of degeneration {unknown}
 p - 2 potions of flight {unknown}
Comestibles
 a - 5 meat rations
 v - 6 chunks of flesh


   Skills:
 - Level 3.0 Fighting
 - Level 4.0 Dodging
 + Level 18.1 Stealth
 - Level 6.2 Unarmed Combat


You had 8 spell levels left.
You didn't know any spells.

Dungeon Overview and Level Annotations

Branches:
Dungeon (10/15)            Temple (1/1) D:6
   Lair: D:8-11         Orc: D:9-12

Altars:
Ashenzari
Cheibriados
Dithmenos
Elyvilon
Fedhas
Gozag
Kikubaaqudgha
Makhleb
Nemelex Xobeh
Okawaru
Qazlal
Ru
Sif Muna
Trog
Vehumet
Yredelemnul
Zin
The Shining One

Annotations:
D:10 Joseph


Innate Abilities, Weirdness & Mutations

You cannot wear armour.
You are incapable of wielding weapons or throwing items.
You have sharp claws.
You have razor-sharp teeth.
You have supernaturally acute eyesight.
You are carnivorous and can eat meat at any time.
You cover ground quickly.
You are covered in thick fur (AC +2).
You have a slow metabolism.
Your sharp claws are effective at attacking unaware monsters.


Message History

Trog accepts your kill.
You barely miss the black bear. You claw the black bear!
The black bear is heavily wounded.
The black bear bites you. The black bear misses you.
The black bear completely misses you.
You claw the black bear! Your bite misses the black bear.
The black bear is almost dead.
The black bear bites you.
* * * LOW HITPOINT WARNING * * *
The black bear closely misses you. The black bear claws you.
* * * LOW HITPOINT WARNING * * *
You claw the black bear!
You kill the black bear!
Trog accepts your kill.
You can now call in reinforcements.
You are no longer berserk.
You are exhausted.
You feel yourself slow down.
Joseph hits you with an uncursed quarterstaff!
You die...

.........#
#....##.
.............
#....##.
.............
#######.
.............#
########.
#####.#.>.....
#........
#.#.......
#........
.......
#........
...>...####
#....)...
......@@(.#
########.
.#.....##(# #.
#..... #.# #.
###### #.#####
#######
#.....#
#......
#####.#
#.##### #.#
#.# #.# #.#
#.# #.#


You could see Joseph.

Vanquished Creatures
  A hill giant (D:10)
  The ghost of Dante the Covered, an average HuFi (D:5)
  Prince Ribbit (D:7)
  Sigmund (D:2)
  5 yaks (D:10)
  A wraith (D:10)
  A hippogriff (D:7)
  A spriggan (D:10)
  Menkaure (D:6)
  Duvessa (D:4)
  2 black bears
  An ice beast (D:10)
  A necrophage (D:10)
  2 phantoms
  5 ogres
  A wasp (D:7)
  4 centaurs
  A scorpion (D:7)
  Dowan (D:4)
  2 crimson imps
  A vampire bat (D:3)
  6 orc wizards
  A centaur skeleton (D:7)
  A giant frog zombie (D:5)
  2 hounds (D:10)
  Jessica (D:2)
  Natasha (thrice) (D:2)
  2 iguanas
  4 worker ants
  A hound zombie (D:7)
  A worker ant zombie (D:5)
  10 adders
  4 gnolls (D:6)
  An adder skeleton (D:4)
  4 worms
  3 giant geckos
  21 orcs
  13 bats
  6 giant cockroaches
  6 hobgoblins
  A quokka (D:6)
  2 ball pythons (D:4)
  6 giant newts
  7 goblins
  14 jackals
  A jackal skeleton (D:4)
  11 kobolds
  5 rats
172 creatures vanquished.

Notes
Turn   | Place    | Note
--------------------------------------------------------------
     0 | D:1      | Monkaria the Felid Berserker began the quest for the Orb.
     0 | D:1      | Reached XP level 1. HP: 10/10 MP: 2/2
   250 | D:1      | Reached XP level 2. HP: 14/14 MP: 3/3
  1170 | D:2      | Reached XP level 3. HP: 7/17 MP: 4/4
  1440 | D:2      | Noticed Sigmund
  1451 | D:2      | Killed Sigmund
  1451 | D:2      | Reached skill level 6 in Unarmed Combat
  1451 | D:2      | Reached XP level 4. HP: 21/21 MP: 5/5
  1451 | D:2      | Reached XP level 5. HP: 24/24 MP: 6/6
  1519 | D:2      | Acquired Trog's second power
  1675 | D:2      | Found a stormy altar of Qazlal.
  1695 | D:2      | Reached skill level 1 in Stealth
  1860 | D:2      | Noticed Jessica
  1867 | D:2      | Killed Jessica
  1874 | D:2      | Noticed Natasha
  1891 | D:2      | Killed Natasha
  2129 | D:2      | Noticed Natasha
  2135 | D:2      | Killed Natasha
  2135 | D:2      | Gained mutation: You are covered in thick fur (AC +2). [Felid growth]
  2135 | D:2      | Reached XP level 6. HP: 28/28 MP: 7/7
  2314 | D:2      | Found a stormy altar of Qazlal.
  2335 | D:2      | Noticed Natasha
  2338 | D:2      | Killed Natasha
  2756 | D:3      | Reached skill level 5 in Stealth
  3234 | D:4      | Reached skill level 7 in Stealth
  3234 | D:4      | Reached XP level 7. HP: 31/31 MP: 8/8
  3399 | D:4      | Found a sparkling altar of Nemelex Xobeh.
  3507 | D:4      | Noticed Duvessa
  3508 | D:4      | Noticed Dowan
  3519 | D:4      | Killed Dowan
  3524 | D:4      | Mangled by Duvessa
  3525 | D:4      | Reached XP level 6. HP: -7/42 MP: 7/7
  3584 | D:4      | Reached skill level 8 in Stealth
  3672 | D:4      | Acquired Trog's third power
  3942 | D:4      | Found a burning altar of Makhleb.
  3989 | D:4      | Found a sparkling altar of Nemelex Xobeh.
  4034 | D:4      | Found a burning altar of Makhleb.
  4236 | D:4      | Killed Duvessa
  4236 | D:4      | Reached skill level 9 in Stealth
  4447 | D:4      | You fall through a shaft for 2 floors!
  4480 | D:6      | Found a staircase to the Ecumenical Temple.
  4489 | D:6      | Reached XP level 7. HP: 27/31 MP: 8/8
  4601 | D:6      | Reached skill level 10 in Stealth
  4682 | D:6      | Noticed Menkaure
  4694 | D:6      | Killed Menkaure
  4701 | D:6      | Reached skill level 11 in Stealth
  5587 | D:6      | Found an ancient bone altar of Kikubaaqudgha.
  5594 | D:6      | Reached XP level 8. HP: 32/34 MP: 9/9
  5741 | D:5      | Entered Level 5 of the Dungeon
  5803 | D:5      | Reached skill level 12 in Stealth
  5854 | D:5      | Slain by a centaur
  5855 | D:5      | Reached XP level 7. HP: -3/31 MP: 8/8
  6106 | D:5      | Found an iron altar of Okawaru.
  6150 | D:5      | Reached skill level 13 in Stealth
  6518 | D:5      | Noticed Dante's ghost (average HuFi)
  6545 | D:5      | Killed Dante's ghost
  6545 | D:5      | Reached XP level 8. HP: 33/34 MP: 9/9
  6640 | D:5      | Reached skill level 14 in Stealth
  6739 | Temple   | Entered the Ecumenical Temple
  7410 | D:7      | Noticed Prince Ribbit
  7417 | D:7      | Killed Prince Ribbit
  7417 | D:7      | Reached skill level 15 in Stealth
  7460 | D:7      | Found Zin's Purification Station.
  7465 | D:7      | Found a glowing silver altar of Zin.
  7470 | D:7      | Bought a potion of curing for 90 gold pieces
  7747 | D:7      | You fall through a shaft!
  7747 | D:10     | Entered Level 10 of the Dungeon
  7749 | D:10     | Reached XP level 9. HP: 35/37 MP: 10/10
  7811 | D:10     | Reached skill level 16 in Stealth
  8085 | D:10     | Reached skill level 17 in Stealth
  8241 | D:10     | Noticed a hill giant
  8263 | D:10     | Killed a hill giant
  8263 | D:10     | Reached skill level 18 in Stealth
  8325 | D:10     | Noticed Joseph
  8463 | D:10     | Slain by Joseph

Vault maps used:
D:1:      lemuel_arrival_behind_the_door_small
D:2:      overflow_temple_1_default, uniq_sigmund, uniq_natasha, uniq_jessica
D:3:      roderic_batcave
D:4:      overflow_temple_1_default, kennysheep_mini, uniq_duvessa
D:5:      overflow_temple_1_default, first_bread
D:6:      kennysheep_little_box, minmay_temple_entry_crystal_x, uniq_menkaure
D:7:      zin_purify, uniq_prince_ribbit1
D:10:     the_bakery, uniq_joseph
Temple:   circular_temple_12

Action                   |  1- 3 |  4- 6 |  7- 9 || total
-------------------------+-------+-------+-------++-------
Melee: Unarmed           |    60 |   158 |   248 ||   466
Invok: Berserk           |     4 |     7 |    15 ||    26
       Trog's Hand       |       |     3 |    11 ||    14
  Use: Scroll            |       |       |    12 ||    12
 Stab: Sleeping          |     1 |    15 |    21 ||    37
       Distracted        |       |     1 |     1 ||     2
  Eat: Chunk             |    11 |    17 |    30 ||    58
